[Event "ICC Open 2015"]
[Site "Internet Chess Club"]
[Date "2015.05.29"]
[Round "3"]
[White "livis"]
[Black "BlackHorse97"]
[Result "1/2-1/2"]
[ICCResult "White ran out of time and Black has no material to mate"]
[WhiteElo "1922"]
[BlackElo "2378"]
[Opening "Caro-Kann: advance variation"]
[ECO "B12"]
[NIC "CK.04"]
[Time "14:26:44"]
[TimeControl "180+0"]

1. e4 c6 2. d4 d5 3. e5 Bf5 4. Nf3 e6 5. Bd3 Ne7 6. O-O c5 7. Bxf5 Nxf5 8.
c3 Nc6 9. Be3 Be7 10. Nbd2 O-O 11. Nb3 cxd4 12. Bxd4 Rc8 13. Qd3 a6 14. Rae1
b5 15. g4 Nfxd4 16. Nbxd4 Nxd4 17. Nxd4 b4 18. Re3 bxc3 19. bxc3 Qa5 20. Rh3
g6 21. Qe3 f6 22. exf6 Rxf6 23. Qh6 Rf7 24. Qe3 Qb6 25. Qxe6 Qxe6 26. Nxe6
Rf6 27. Nd4 Rf4 28. Re1 Rxg4+ 29. Kf1 Bf6 30. Rd3 Kf7 31. Rb1 Rc7 32. h3 Rf4
33. Kg2 Bxd4 34. cxd4 Rc2 35. Rb7+ Kf6 36. Rb6+ Kf5 37. Rf3 Rxf3 38. Kxf3
Rxa2 39. Rd6 Ra3+ 40. Kg2 Ke4 41. Rd7 Kxd4 42. Rxh7 a5 43. Rg7 a4 44. Rxg6
Ra1 45. h4 a3 46. h5 a2 47. Ra6 Kc4 48. h6 Kb5 49. h7 Kxa6 50. h8=Q Rb1 51.
Qa8+ Kb6 52. Qxa2 Rb2 53. Qxd5 Rb4 54. Qd6+ Kb5 55. Qxb4+ Kxb4
{White ran out of time and Black has no material to mate}
1/2-1/2

[Event "ICC Open 2015"]
[Site "Internet Chess Club"]
[Date "2015.05.29"]
[Round "3"]
[White "Ancient"]
[Black "gladiator46"]
[Result "1-0"]
[ICCResult "Black checkmated"]
[WhiteElo "1671"]
[BlackElo "1649"]
[Opening "Caro-Kann: exchange variation"]
[ECO "B13"]
[NIC "CK.02"]
[Time "14:28:47"]
[TimeControl "180+0"]

1. e4 c6 2. d4 d5 3. exd5 cxd5 4. Nf3 e6 5. Bd3 Nf6 6. Nbd2 h6 7. O-O Be7 8.
c3 O-O 9. Re1 Nc6 10. Nf1 a6 11. Ng3 b5 12. a3 Bb7 13. Bf4 Bd6 14. Bd2 Na5
15. Ne5 Nc4 16. Bc1 Qc7 17. f4 Nd7 18. Qg4 f5 19. Qh4 Rf6 20. Nh5 Bxe5 21.
fxe5 Rg6 22. h3 Qd8 23. Qxd8+ Rxd8 24. Nf4 Kf7 25. Nxg6 Kxg6 26. g4 Nf8 27.
gxf5+ exf5 28. b3 Na5 29. Rf1 Nxb3 30. Bxf5+ Kh5 31. Bg4+ Kh4 32. Ra2 Nxc1
33. Rxc1 Bc8 34. Bxc8 Rxc8 35. Kh2 Ne6 36. Rf2 g5 37. Rf6 Nxd4 38. Rxh6#
{Black checkmated}
1-0

[Event "ICC Open 2015"]
[Site "Internet Chess Club"]
[Date "2015.05.29"]
[Round "3"]
[White "nurmi"]
[Black "Nakia"]
[Result "1-0"]
[ICCResult "Black forfeits on time"]
[WhiteElo "2192"]
[BlackElo "1765"]
[Opening "English: symmetrical variation"]
[ECO "A30"]
[NIC "EO.64"]
[Time "14:28:44"]
[TimeControl "180+0"]

1. c4 c5 2. g3 Nc6 3. Bg2 Nf6 4. Nc3 d6 5. Nf3 Bd7 6. O-O g6 7. d4 cxd4 8.
Nxd4 Nxd4 9. Qxd4 Rb8 10. Rd1 Bg7 11. Qxa7 O-O 12. Be3 Bc6 13. Nd5 Nxd5 14.
cxd5 Bb5 15. Rd2 Bd7 16. Qa3 Qc8 17. Rdd1 b5 18. Rac1 Qb7 19. Qb4 Rfc8 20.
h4 h5 21. Be4 Rxc1 22. Rxc1 Rc8 23. Rxc8+ Qxc8 24. Kh2 Qa6 25. a3 Qc8 26.
Bd3 Qb7 27. Be4 Qc8 28. Bd3 Bh3 29. Kg1 Bd7 30. Bxb5 Bxb5 31. Qxb5 Qc2 32.
b4 {Black forfeits on time} 1-0

[Event "ICC Open 2015"]
[Site "Internet Chess Club"]
[Date "2015.05.29"]
[Round "3"]
[White "Sibelephant"]
[Black "HuevosDeLeon"]
[Result "1-0"]
[ICCResult "Black checkmated"]
[WhiteElo "3186"]
[BlackElo "2677"]
[Opening "Queen's Pawn"]
[ECO "A41"]
[NIC "QO.17"]
[Time "14:27:26"]
[TimeControl "180+0"]

1. d4 d6 2. Nf3 f5 3. g3 Nf6 4. Bg2 g6 5. b3 Bg7 6. Bb2 O-O 7. O-O Ne4 8.
Nbd2 Nc6 9. Ne1 Nxd2 10. Qxd2 e5 11. dxe5 dxe5 12. Rd1 Qxd2 13. Rxd2 e4 14.
Bxg7 Kxg7 15. f3 exf3 16. Nxf3 h6 17. Rfd1 Be6 18. Ne1 Rae8 19. Nd3 Bc8 20.
Nc5 Na5 21. e4 fxe4 22. Nxe4 Bf5 23. Nc3 Bg4 24. Rf1 Rxf1+ 25. Kxf1 c5 26.
Ne4 c4 27. Nd6 Rf8+ 28. Kg1 cxb3 29. axb3 b6 30. b4 Rb8 31. bxa5 bxa5 32.
Rd4 Be6 33. Ra4 Rb1+ 34. Kf2 Rb2 35. Be4 Bb3 36. Rxa5 Bxc2 37. Rxa7+ Kf6 38.
Nc4 Rb4 39. Ra6+ Kg5 40. Rxg6+ Kh5 41. g4+ Kh4 42. Bxc2 Rxc4 43. Bf5 h5 44.
Rh6 Kg5 45. Rxh5+ Kf4 46. h4 Rb4 47. Ke2 Rb2+ 48. Kd3 Rh2 49. Rh8 Rh1 50. h5
Rd1+ 51. Ke2 Rh1 52. h6 Kg5 53. h7 Kf4 54. Rg8 Rh2+ 55. Kd3 Rh3+ 56. Kd4 Rh1
57. h8=Q Rd1+ 58. Kc3 Kg3 59. Qe5+ Kg2 60. Qe2+ Kg3 61. Qxd1 Kf4 62. Re8 Kg5
63. Qe2 Kf4 64. Qe3# {Black checkmated} 1-0

[Event "ICC Open 2015"]
[Site "Internet Chess Club"]
[Date "2015.05.29"]
[Round "3"]
[White "Kiborg95"]
[Black "Gambit101"]
[Result "1-0"]
[ICCResult "Black forfeits on time"]
[WhiteElo "2703"]
[BlackElo "3170"]
[Opening "Sicilian: Sozin, Benkö variation"]
[ECO "B57"]
[NIC "SI.25"]
[Time "14:28:34"]
[TimeControl "180+0"]

1. e4 c5 2. Nc3 Nc6 3. Nge2 d6 4. d4 cxd4 5. Nxd4 Nf6 6. Bc4 Qb6 7. Nb3 e6
8. O-O Be7 9. Be3 Qc7 10. Bd3 a6 11. f4 b5 12. Qf3 Bb7 13. Qh3 h5 14. Kh1
Nb8 15. a3 Nbd7 16. Rae1 Nc5 17. Nxc5 dxc5 18. e5 Ng4 19. Bg1 g6 20. Be4
O-O-O 21. Qf3 Nh6 22. a4 b4 23. Bxb7+ Qxb7 24. Ne4 Qc6 25. c3 b3 26. c4 Kc7
27. Qxb3 Nf5 28. Bf2 h4 29. h3 Rb8 30. Qc2 Rb4 31. b3 Rhb8 32. Rb1 Qb6 33.
Rfd1 Rxb3 34. Rxb3 Qxb3 35. Qd2 Qxa4 36. Nxc5 Qc6 37. Nxa6+ Kc8 38. Nxb8
Kxb8 39. Rb1+ Kc8 40. Qa5 Bd8 41. Qb5 Qc7 42. Qc5 Qxc5 43. Bxc5 Bc7 44. Kg1
Kd7 45. Bf2 Kc6 46. Rd1 g5 47. fxg5 Bxe5 48. Rf1 Bc7 49. Kh1 Bd6 50. Be1 Be7
51. Rf4 Bd6 52. Rg4 Be7 53. Bf2 Kd7 54. Bxh4 Nxh4 55. Rxh4 Bxg5 56. Rg4 Be7
57. h4 f5 58. Rg6 Bd6 59. h5 Be5 60. h6 Ke7 61. h7 Kf7 62. Rg8 f4 63. h8=Q
Bxh8 64. Rxh8 Kf6 65. Rh3 Ke5 66. c5 Kd4 67. Rf3 {Black forfeits on time}
1-0

[Event "ICC Open 2015"]
[Site "Internet Chess Club"]
[Date "2015.05.29"]
[Round "3"]
[White "MassCarnage"]
[Black "picopico"]
[Result "0-1"]
[ICCResult "White forfeits on time"]
[WhiteElo "2013"]
[BlackElo "1811"]
[Opening "French defense"]
[ECO "C11"]
[NIC "FR.04"]
[Time "14:29:01"]
[TimeControl "180+0"]

1. e4 e6 2. d4 d5 3. Nc3 Nf6 4. Qd3 dxe4 5. Nxe4 Nxe4 6. Qxe4 Nd7 7. Nf3 Nf6
8. Qh4 Nd5 9. Bg5 Be7 10. Bxe7 Qxe7 11. Qxe7+ Kxe7 12. O-O-O b6 13. c4 Nf6
14. Be2 Bb7 15. Rhe1 Rhd8 16. Ne5 Kf8 17. f3 Nd7 18. Nd3 Nf6 19. Nf4 Rd7 20.
Kc2 Rad8 21. Kc3 g5 22. Nh3 h6 23. Nf2 Kg7 24. Bf1 a5 25. a3 Ne8 26. b3 Nd6
27. Rd2 Nf5 28. Red1 Ne3 29. Re1 Nxf1 30. Rxf1 c5 31. Rfd1 cxd4+ 32. Rxd4
Rxd4 33. Rxd4 Rxd4 34. Kxd4 Kf6 35. b4 h5 36. a4 axb4 37. Nd3 b3 38. Kc3 g4
39. fxg4 hxg4 40. g3 Ke7 41. Kxb3 f6 42. Kb4 e5 43. Kb5 e4 44. Ne1 e3 45.
Kxb6 Be4 46. a5 Kd7 47. a6 Kc8 48. a7 f5 49. c5 Ba8 50. c6 e2 51. Nd3 Kd8
52. Ne1 Kc8 53. Nc2 Kd8 54. Ne1 Kc8 55. Kc5 Kc7 56. Kd5 Bxc6+ 57. Ke5 Kb7
58. Kxf5 Bd7+ 59. Kf4 Kxa7 60. Ke3 Bb5 61. Kf4 Bd7 62. Ke3 Kb6 63. Kf4 Kc7
64. Ke3 Kd6 {White forfeits on time} 0-1

[Event "ICC Open 2015"]
[Site "Internet Chess Club"]
[Date "2015.05.29"]
[Round "3"]
[White "olivermx"]
[Black "bennywins"]
[Result "0-1"]
[ICCResult "White forfeits on time"]
[WhiteElo "804"]
[BlackElo "1168"]
[Opening "Caro-Kann: advance variation"]
[ECO "B12"]
[NIC "CK.02"]
[Time "14:28:58"]
[TimeControl "180+0"]

1. e4 c6 2. d4 d5 3. e5 e6 4. Nf3 f6 5. c4 fxe5 6. dxe5 dxc4 7. Bxc4 Qxd1+
8. Kxd1 Bc5 9. Be3 Bxe3 10. fxe3 Nd7 11. Nc3 Nh6 12. Bxe6 Nxe5 13. Bxc8 Nxf3
14. gxf3 Rxc8 15. Rg1 Rd8+ 16. Ke2 Kf7 17. Rad1 Rxd1 18. Rxd1 Re8 19. Rd7+
Re7 20. Rxe7+ Kxe7 21. Ne4 Nf5 22. Ng5 h6 23. Nh3 b5 24. e4 Nd4+ 25. Ke3
Nc2+ 26. Ke2 Nb4 27. a3 Na2 28. Ke3 b4 29. axb4 Nxb4 30. Nf4 a5 31. Nd3 c5
32. Nxb4 cxb4 33. Kd3 Kd6 34. Kc4 Ke5 35. Kb5 Kd4 36. Kxa5 Kc4 37. Ka4 g5
38. b3+ Kc5 39. h3 h5 40. e5 Kd5 41. Kxb4 Kxe5 42. Ka5 Kf4 43. b4 Kxf3 44.
b5 g4 45. hxg4 hxg4 46. b6 g3 47. b7 g2 48. b8=Q g1=Q 49. Qf8+ Ke2 50. Qe8+
Kf2 51. Qf8+ Ke2 52. Qe7+ Kd2 53. Qd6+ Kc2 54. Qc6+ Kd2 55. Qd5+ Kc1 56.
Qc4+ Kd1 57. Qd3+ Kc1 58. Qc3+ Kd1 {White forfeits on time} 0-1

[Event "ICC Open 2015"]
[Site "Internet Chess Club"]
[Date "2015.05.29"]
[Round "3"]
[White "legatus"]
[Black "BlueGoose"]
[Result "1-0"]
[ICCResult "Black forfeits on time"]
[WhiteElo "2389"]
[BlackElo "1884"]
[Opening "French defense"]
[ECO "C00"]
[NIC "FR.01"]
[Time "14:29:39"]
[TimeControl "180+0"]

1. e4 e6 2. Nf3 d5 3. exd5 exd5 4. d4 Bd6 5. c4 c6 6. Nc3 Ne7 7. c5 Bc7 8.
h3 O-O 9. Bd3 b6 10. cxb6 axb6 11. Bg5 f6 12. Bh4 Bf5 13. O-O Nd7 14. Bg3
Bxg3 15. fxg3 Qc7 16. Kh2 Rae8 17. Qc2 Bxd3 18. Qxd3 Ng6 19. Rae1 Rxe1 20.
Rxe1 f5 21. Ng5 f4 22. Ne6 fxg3+ 23. Qxg3 Qc8 24. Nxf8 Qxf8 25. Re2 Nf6 26.
a3 c5 27. Rf2 Qd8 28. Rd2 Ne4 29. Nxe4 dxe4 30. d5 h6 31. d6 Nf8 32. Qe5 Nd7
33. Qxe4 Qf6 34. Qf3 Qe6 35. Qg3 Kh7 36. b4 c4 37. b5 Nc5 38. d7 Nxd7 39.
Rd6 Qe7 40. Rc6 Nf6 41. Qd6 {Black forfeits on time} 1-0

[Event "ICC Open 2015"]
[Site "Internet Chess Club"]
[Date "2015.05.29"]
[Round "4"]
[White "Huemul"]
[Black "SusikoiraRoi"]
[Result "0-1"]
[ICCResult "White resigns"]
[WhiteElo "1339"]
[BlackElo "1807"]
[Opening "Sicilian defense"]
[ECO "B30"]
[NIC "SI.31"]
[Time "14:36:29"]
[TimeControl "180+0"]

1. e4 c5 2. Nf3 Nc6 3. c3 Qa5 4. d4 cxd4 5. Nxd4 Nf6 6. Nxc6 bxc6 7. Bd3 e5
8. O-O Be7 9. Be3 O-O 10. Nd2 d5 11. exd5 cxd5 12. Nf3 e4 13. Bxe4 dxe4 14.
Nd4 Qh5 15. Qb3 Ng4 16. h3 Nxe3 17. fxe3 Bg5 18. Nf5 Bxf5 {White resigns}
0-1

[Event "ICC Open 2015"]
[Site "Internet Chess Club"]
[Date "2015.05.29"]
[Round "4"]
[White "VerdeNotte"]
[Black "akibael"]
[Result "1-0"]
[ICCResult "Black resigns"]
[WhiteElo "2966"]
[BlackElo "2441"]
[Opening "Sicilian: closed, 2...Nc6"]
[ECO "B23"]
[NIC "SI.44"]
[Time "14:36:28"]
[TimeControl "180+0"]

1. e4 c5 2. Nc3 Nc6 3. Bb5 g6 4. Bxc6 dxc6 5. d3 Bg7 6. f4 Nf6 7. Nf3 O-O 8.
O-O b6 9. Qe1 Bg4 10. Ne5 Be6 11. Qh4 Qc7 12. Nf3 b5 13. f5 Bd7 14. Bh6 c4
15. Ng5 e5 16. fxg6 fxg6 17. Bxg7 Kxg7 18. Rxf6 Rxf6 19. Qxh7+ Kf8 20. Qh8+
Ke7 21. Qg7+ {Black resigns} 1-0

[Event "ICC Open 2015"]
[Site "Internet Chess Club"]
[Date "2015.05.29"]
[Round "4"]
[White "Otho"]
[Black "jyd34"]
[Result "1-0"]
[ICCResult "Black resigns"]
[WhiteElo "1906"]
[BlackElo "1534"]
[Opening "Danish gambit"]
[ECO "C21"]
[NIC "KP.04"]
[Time "14:37:28"]
[TimeControl "180+0"]

1. e4 e5 2. d4 exd4 3. c3 d6 4. cxd4 Be7 5. Nc3 Nf6 6. Nf3 O-O 7. h3 Nbd7 8.
Bd3 c6 9. O-O b5 10. e5 dxe5 11. dxe5 Ne8 12. Ne4 Nc5 13. Nxc5 Bxc5 14.
Bxh7+ {Black resigns} 1-0

[Event "ICC Open 2015"]
[Site "Internet Chess Club"]
[Date "2015.05.29"]
[Round "4"]
[White "gonesailing"]
[Black "Sc6"]
[Result "1-0"]
[ICCResult "Black checkmated"]
[WhiteElo "1456"]
[BlackElo "1748"]
[Opening "Sicilian: wing gambit, Marshall variation"]
[ECO "B20"]
[NIC "SI.48"]
[Time "14:36:11"]
[TimeControl "180+0"]

1. e4 c5 2. b4 cxb4 3. a3 Nc6 4. axb4 Nxb4 5. c3 Nc6 6. d4 d5 7. e5 g6 8.
Nf3 Bg7 9. Bd3 e6 10. h4 h5 11. Ba3 Nge7 12. Nbd2 O-O 13. O-O a6 14. Bc5 b6
15. Bd6 b5 16. Bxb5 Qb6 17. Bd3 Bd7 18. Qc2 Rfe8 19. Rfb1 Qd8 20. Bxa6 Nc8
21. Bd3 Rxa1 22. Rxa1 Nxd6 23. exd6 Qb8 24. Bxg6 fxg6 25. Qxg6 Qxd6 26. Ng5
Qf8 27. Qh7# {Black checkmated} 1-0

[Event "ICC Open 2015"]
[Site "Internet Chess Club"]
[Date "2015.05.29"]
[Round "4"]
[White "cheston99"]
[Black "kingest1912"]
[Result "1-0"]
[ICCResult "Black resigns"]
[WhiteElo "2267"]
[BlackElo "1872"]
[Opening "King's Indian: orthodox, Aronin-Taimanov, bayonet attack"]
[ECO "E97"]
[NIC "KI.05"]
[Time "14:36:29"]
[TimeControl "180+0"]

1. d4 Nf6 2. c4 g6 3. Nc3 Bg7 4. e4 d6 5. Nf3 O-O 6. Be2 e5 7. O-O Nc6 8. d5
Ne7 9. b4 Nd7 10. Ba3 a5 11. bxa5 Rxa5 12. Bb4 Ra8 13. a4 b6 14. Nd2 f5 15.
f3 f4 16. Nb3 Rf6 17. a5 bxa5 18. Nxa5 g5 19. Qd2 Qf8 20. Nc6 Nxc6 21. dxc6
Rxa1 22. Rxa1 Nb6 23. Nd5 Nxd5 24. cxd5 Rg6 25. Ra8 Qd8 26. Ba6 Bxa6 27.
Rxd8+ Kf7 28. Rd7+ {Black resigns} 1-0

[Event "ICC Open 2015"]
[Site "Internet Chess Club"]
[Date "2015.05.29"]
[Round "4"]
[White "PaYbAcK"]
[Black "Tut"]
[Result "1/2-1/2"]
[ICCResult "Game drawn by mutual agreement"]
[WhiteElo "2658"]
[BlackElo "3208"]
[Opening "Ruy Lopez: closed, anti-Marshall 8.a4"]
[ECO "C88"]
[NIC "RL.18"]
[Time "14:36:17"]
[TimeControl "180+0"]

1. e4 e5 2. Nf3 Nc6 3. Bb5 a6 4. Ba4 Nf6 5. O-O Be7 6. Re1 b5 7. Bb3 O-O 8.
a4 b4 9. d4 d6 10. dxe5 dxe5 11. Nbd2 Bc5 12. a5 Qe7 13. Bd5 Bb7 14. Nb3 Ba7
15. Bg5 h6 16. Bh4 Rad8 17. Qe2 Rd6 18. Qc4 Rfd8 19. Rad1 g5 20. Bg3 Kg7 21.
Rd3 Nh5 {Game drawn by mutual agreement} 1/2-1/2

[Event "ICC Open 2015"]
[Site "Internet Chess Club"]
[Date "2015.05.29"]
[Round "4"]
[White "Brownie-Baker"]
[Black "HaraldEskilstu"]
[Result "0-1"]
[ICCResult "White resigns"]
[WhiteElo "1457"]
[BlackElo "2007"]
[Opening "Queen's pawn game, Chigorin variation"]
[ECO "D02"]
[NIC "QP.08"]
[Time "14:37:22"]
[TimeControl "180+0"]

1. d4 d5 2. Nf3 Nc6 3. e3 Bg4 4. Bd3 e6 5. h3 Bxf3 6. Qxf3 Nf6 7. c3 e5 8.
dxe5 Nxe5 9. Qe2 Bd6 10. Bc2 O-O 11. Nd2 Re8 12. Nf3 c6 13. O-O Bc7 14. Bd2
Qd6 15. Nxe5 Rxe5 16. f4 Re7 17. Rf3 Rae8 18. Rg3 Qxf4 19. Rf1 Qxg3
{White resigns}
0-1

[Event "ICC Open 2015"]
[Site "Internet Chess Club"]
[Date "2015.05.29"]
[Round "4"]
[White "bennywins"]
[Black "Irenaeus"]
[Result "0-1"]
[ICCResult "White resigns"]
[WhiteElo "1167"]
[BlackElo "1752"]
[Opening "Ruy Lopez: fianchetto (Smyslov/Barnes) defense"]
[ECO "C60"]
[NIC "RL.03"]
[Time "14:37:46"]
[TimeControl "180+0"]

1. e4 e5 2. Nf3 Nc6 3. Bb5 g6 4. d3 Bg7 5. O-O Nge7 6. Re1 O-O 7. Bg5 h6 8.
Bxe7 Qxe7 9. c4 d6 10. a3 Kh7 11. Qd2 f5 12. Qe3 Be6 13. Nh4 Qxh4 14. exf5
gxf5 15. Qg3 Qxg3 16. fxg3 Nd4 17. Rc1 Ne2+ {White resigns} 0-1

[Event "ICC Open 2015"]
[Site "Internet Chess Club"]
[Date "2015.05.29"]
[Round "4"]
[White "Lucas"]
[Black "fireland"]
[Result "0-1"]
[ICCResult "White resigns"]
[WhiteElo "2539"]
[BlackElo "3028"]
[Opening "Catalan: closed, 5.Nf3"]
[ECO "E06"]
[NIC "CA.05"]
[Time "14:36:34"]
[TimeControl "180+0"]

1. d4 e6 2. c4 Nf6 3. g3 d5 4. Bg2 Be7 5. Nf3 O-O 6. O-O dxc4 7. Ne5 c5 8.
dxc5 Qc7 9. Nxc4 Qxc5 10. b3 Rd8 11. Qc2 Nc6 12. Be3 Qh5 13. h3 e5 14. a3
Bxh3 15. Nc3 Ng4 16. f3 Bxg2 17. fxg4 Qh1+ 18. Kf2 Qh2 19. Rfd1 Be4+ 20. Ke1
Bxc2 {White resigns} 0-1

[Event "ICC Open 2015"]
[Site "Internet Chess Club"]
[Date "2015.05.29"]
[Round "4"]
[White "Romanson-zucker"]
[Black "ForkNPin"]
[Result "1-0"]
[ICCResult "Black resigns"]
[WhiteElo "1938"]
[BlackElo "1582"]
[Opening "Benko's opening"]
[ECO "A00"]
[NIC "VO.09"]
[Time "14:36:48"]
[TimeControl "180+0"]

1. g3 d6 2. Bg2 e5 3. Nf3 c6 4. d3 f5 5. O-O Nf6 6. Bg5 Be7 7. c4 O-O 8. Nc3
Be6 9. Rc1 Nbd7 10. a3 h6 11. Bxf6 Bxf6 12. b4 f4 13. e3 fxe3 14. fxe3 Bg4
15. h3 Bh5 16. g4 Bg6 17. d4 Bg5 18. Qe2 Bf6 19. d5 e4 20. Nd2 Bxc3 21. Rxc3
Rxf1+ 22. Qxf1 Qe7 23. dxc6 bxc6 24. Rc1 d5 25. cxd5 cxd5 26. Qb5 Ne5 27.
Qxd5+ Kh8 28. Qxa8+ Kh7 29. Bxe4 Bxe4 30. Qxe4+ g6 31. Nc4 {Black resigns}
1-0

[Event "ICC Open 2015"]
[Site "Internet Chess Club"]
[Date "2015.05.29"]
[Round "4"]
[White "picopico"]
[Black "playwaycool"]
[Result "0-1"]
[ICCResult "White resigns"]
[WhiteElo "1829"]
[BlackElo "2309"]
[Opening "QGD semi-Slav: anti-Meran gambit"]
[ECO "D44"]
[NIC "SL.07"]
[Time "14:37:17"]
[TimeControl "180+0"]

1. d4 d5 2. c4 c6 3. Nc3 Nf6 4. Nf3 e6 5. Bg5 dxc4 6. e4 b5 7. e5 h6 8. Bh4
g5 9. Nxg5 hxg5 10. Bxg5 Nbd7 11. exf6 Bb7 12. g3 Qb6 13. Bg2 c5 14. d5
O-O-O 15. O-O b4 16. Rb1 Qa6 17. dxe6 Bxg2 18. Kxg2 Qxe6 19. h4 bxc3 20.
bxc3 Qc6+ 21. Kg1 Bd6 22. Qg4 Kc7 23. Qxc4 Ne5 24. Qg4 Nxg4 {White resigns}
0-1

[Event "ICC Open 2015"]
[Site "Internet Chess Club"]
[Date "2015.05.29"]
[Round "4"]
[White "ErnestoRondon"]
[Black "CavacoSilva1939"]
[Result "0-1"]
[ICCResult "White checkmated"]
[WhiteElo "1852"]
[BlackElo "2328"]
[Opening "Three knights: Winawer defense (Gothic defense)"]
[ECO "C40"]
[NIC "KP.09"]
[Time "14:36:17"]
[TimeControl "180+0"]

1. e4 e5 2. Nf3 f5 3. Nc3 Nc6 4. Bc4 fxe4 5. Nxe4 d5 6. Bb5 dxe4 7. Nxe5 Qg5
8. Bxc6+ bxc6 9. d4 Qxg2 10. Rf1 Bh3 11. Qe2 Bd6 12. Bf4 Qxf1+ 13. Qxf1 Bxf1
14. Kxf1 Nf6 15. Bg3 c5 16. dxc5 Bxc5 17. Nc4 O-O-O 18. Re1 Rhf8 19. Kg2 Nh5
20. Rxe4 Nxg3 21. hxg3 Rxf2+ 22. Kh3 Rxc2 23. b3 Rxa2 24. Re5 Bg1 25. Re7
Rd4 26. Rxg7 Rh2# {White checkmated} 0-1

[Event "ICC Open 2015"]
[Site "Internet Chess Club"]
[Date "2015.05.29"]
[Round "4"]
[White "erwinromel"]
[Black "Steingrim89"]
[Result "1-0"]
[ICCResult "Black resigns"]
[WhiteElo "2069"]
[BlackElo "1628"]
[Opening "Queen's pawn game"]
[ECO "A45"]
[NIC "QP.07"]
[Time "14:36:34"]
[TimeControl "180+0"]

1. d4 Nf6 2. e3 c5 3. Nf3 g6 4. c4 Bg7 5. b3 O-O 6. Bb2 b6 7. Be2 Bb7 8. O-O
d5 9. Na3 Nc6 10. dxc5 bxc5 11. cxd5 Qxd5 12. Qc1 Qd7 13. Rd1 Qc7 14. Nb5
Qc8 15. Qxc5 a6 16. Na3 Ne4 17. Qc1 Nb4 18. Bxg7 Kxg7 19. Qb2+ Kg8 20. Rac1
Qb8 21. Rd7 Re8 22. Rcc7 Nd6 23. Rxe7 Qc8 24. Rxc8 {Black resigns} 1-0

[Event "ICC Open 2015"]
[Site "Internet Chess Club"]
[Date "2015.05.29"]
[Round "4"]
[White "pawnloser"]
[Black "smoothg"]
[Result "1-0"]
[ICCResult "Black checkmated"]
[WhiteElo "1609"]
[BlackElo "1797"]
[Opening "Robatsch (modern) defense"]
[ECO "B06"]
[NIC "KF.05"]
[Time "14:36:38"]
[TimeControl "180+0"]

1. e4 g6 2. d4 Bg7 3. Be3 c5 4. c3 cxd4 5. cxd4 d5 6. e5 Nc6 7. h3 e6 8. Nf3
Nge7 9. a3 Qb6 10. b4 O-O 11. Nc3 a5 12. Na4 Qc7 13. b5 Nb8 14. Rc1 Qd8 15.
Bd3 b6 16. O-O Nd7 17. Qc2 Bb7 18. Qc7 Rb8 19. Qxd8 Rfxd8 20. Rc7 Bf8 21.
Rfc1 Nc8 22. Bg5 f6 23. exf6 Kf7 24. Ne5+ Ke8 25. f7# {Black checkmated} 1-0

[Event "ICC Open 2015"]
[Site "Internet Chess Club"]
[Date "2015.05.29"]
[Round "4"]
[White "TheLoneKing1"]
[Black "Palenque"]
[Result "0-1"]
[ICCResult "White resigns"]
[WhiteElo "1953"]
[BlackElo "1684"]
[Opening "Philidor: Improved Hanham variation"]
[ECO "B07"]
[NIC "VO.17"]
[Time "14:36:34"]
[TimeControl "180+0"]

1. e4 d6 2. Nf3 Nf6 3. Nc3 e5 4. d4 Nbd7 5. dxe5 dxe5 6. Be3 Be7 7. h3 O-O
8. Qd2 c6 9. O-O-O Qc7 10. Bd3 b5 11. g4 a5 12. g5 Ne8 13. h4 a4 14. h5 b4
15. Ne2 c5 16. Bc4 Nb6 17. Bd5 Nxd5 18. exd5 Bd6 19. Kb1 c4 20. Ng3 c3 21.
Qe2 Bg4 22. Rh4 Bxf3 23. Qxf3 b3 24. cxb3 axb3 25. bxc3 Qxc3 26. Rd2 Rxa2
27. Rxa2 bxa2+ {White resigns} 0-1

[Event "ICC Open 2015"]
[Site "Internet Chess Club"]
[Date "2015.05.29"]
[Round "4"]
[White "ALexiz"]
[Black "ceffylgwyn"]
[Result "1-0"]
[ICCResult "Black resigns"]
[WhiteElo "1800"]
[BlackElo "1481"]
[Opening "Robatsch defense"]
[ECO "A40"]
[NIC "KF.05"]
[Time "14:36:46"]
[TimeControl "180+0"]

1. d4 g6 2. e4 Bg7 3. Nc3 e6 4. Be3 d6 5. Qd2 h6 6. f3 Ne7 7. h4 b6 8. g4
Bb7 9. O-O-O Nbc6 10. Bg2 Qd7 11. Nge2 O-O-O 12. Ng3 d5 13. e5 f6 14. f4
fxe5 15. fxe5 Rhf8 16. Rdf1 Rh8 17. h5 g5 18. Rf7 Rhg8 19. Rhf1 Rdf8 20. Qd3
Rxf7 21. Rxf7 Nd8 22. Rf1 Rf8 23. Qh7 Rxf1+ 24. Bxf1 Bf8 25. Bb5 c6 26. Bd3
Kc7 27. Bg6 Nxg6 28. hxg6 Qg7 29. Nh5 Qd7 30. Qg8 Qe8 31. g7 {Black resigns}
1-0

[Event "ICC Open 2015"]
[Site "Internet Chess Club"]
[Date "2015.05.29"]
[Round "4"]
[White "wolwerine"]
[Black "LastKeks"]
[Result "0-1"]
[ICCResult "White resigns"]
[WhiteElo "2193"]
[BlackElo "3230"]
[Opening "Sicilian: Najdorf"]
[ECO "B90"]
[NIC "SI.14"]
[Time "14:37:02"]
[TimeControl "180+0"]

1. e4 c5 2. Nf3 d6 3. d4 cxd4 4. Nxd4 Nf6 5. Nc3 a6 6. Rg1 e5 7. Nb3 Be7 8.
g4 Be6 9. g5 Nfd7 10. Be3 Nb6 11. Qd2 O-O 12. O-O-O N8d7 13. h4 Rc8 14. Kb1
Nc4 15. Bxc4 Bxc4 16. f4 exf4 17. Bxf4 Ne5 18. Nd5 Nf3 19. Nxe7+ Qxe7 20.
Qxd6 Qxe4 21. Rgf1 Bxf1 {White resigns} 0-1

[Event "ICC Open 2015"]
[Site "Internet Chess Club"]
[Date "2015.05.29"]
[Round "4"]
[White "MoonlightWizard"]
[Black "nurmi"]
[Result "1-0"]
[ICCResult "Black resigns"]
[WhiteElo "3009"]
[BlackElo "2192"]
[Opening "Philidor: Improved Hanham variation"]
[ECO "B07"]
[NIC "PU.08"]
[Time "14:36:36"]
[TimeControl "180+0"]

1. e4 d6 2. d4 Nf6 3. Nc3 e5 4. Nf3 Nbd7 5. Bc4 Be7 6. O-O O-O 7. Qe2 c6 8.
a4 a5 9. Rd1 exd4 10. Nxd4 Ne5 11. Bb3 Qc7 12. h3 Nfd7 13. Nf5 Nc5 14. Nxe7+
Qxe7 15. Ba2 Be6 16. Bxe6 fxe6 17. Be3 Ned7 18. Bd4 e5 19. Be3 Rad8 20. f3
Kh8 21. Rd2 Ne6 22. Rad1 Ndc5 23. Qf2 Rd7 24. b3 Na6 25. Bb6 Nf4 26. Ne2 Rf6
27. Nxf4 exf4 28. Bxa5 Rg6 29. Bc3 Nc5 30. Qxc5 dxc5 31. Rxd7 Rxg2+ 32. Kxg2
Qg5+ 33. Kf1 h5 34. Rxg7 {Black resigns} 1-0

[Event "ICC Open 2015"]
[Site "Internet Chess Club"]
[Date "2015.05.29"]
[Round "4"]
[White "yani2014"]
[Black "livis"]
[Result "0-1"]
[ICCResult "White resigns"]
[WhiteElo "2454"]
[BlackElo "1953"]
[Opening "English: Neo-Catalan"]
[ECO "A13"]
[NIC "RE.11"]
[Time "14:38:00"]
[TimeControl "180+0"]

1. Nf3 e6 2. c4 d5 3. g3 Nf6 4. Bg2 c6 5. O-O Be7 6. d4 O-O 7. Qc2 Ne4 8.
Nfd2 f5 9. Rd1 Nd7 10. e3 Ndf6 11. f3 Nxd2 12. Nxd2 Bd7 13. b3 Rc8 14. Bb2
Qe8 15. c5 Qg6 16. b4 a6 17. a4 h5 18. e4 h4 19. exf5 exf5 20. Nf1 hxg3 21.
hxg3 Nh5 22. Kf2 Nxg3 23. Nxg3 Bh4 24. Kg1 Bxg3 25. f4 Qh5 26. Bc1 Qh2+ 27.
Kf1 Bxf4 28. Bxf4 Qxf4+ 29. Kg1 Rce8 30. Rf1 Qxd4+ 31. Rf2 Re3 {White
resigns} 0-1